 Dungeon Crawl Stone Soup version 0.28.0-53-g5a82cb258f (webtiles) character file.

Game seed: 2327881504611239968

140 PhantomBowie the Skirmisher (level 5, -6/85 HPs)
             Began as an Ogre Berserker on June 16, 2022.
             Was a Follower of Trog.
             Mangled by a gnoll
             ... wielding a +0 flail
              (10 damage)
             ... on level 5 of the Dungeon on Nov 21, 2022.
             The game lasted 00:16:48 (2003 turns).

PhantomBowie the Skirmisher (Ogre Berserker)        Turns: 2003, Time: 00:16:49

Health: -6/85      AC:  3    Str: 23    XL:     5   Next: 22%
Magic:  5/5        EV: 10    Int:  8    God:    Trog [*.....]
Gold:   27         SH:  0    Dex:  8    Spells: 4/4 levels left

rFire   . . .      SeeInvis .   a - +0 hand axe
rCold   . . .      Faith    .   (no shield)
rNeg    . . .      Spirit   .   b - +0 animal skin
rPois   .          Reflect  .   (helmet restricted)
rElec   .          Harm     .   (no cloak)
rCorr   .          Rampage  .   (gloves unavailable)
Will    .....                   (boots unavailable)
Stlth   ..........              (no amulet)
HPRegen 0.24/turn               (no ring)
MPRegen 0.09/turn               (no ring)

@: berserking, very quick
A: large, unfitting armour, tough skin 1
a: Renounce Religion, Berserk


You were on level 5 of the Dungeon.
You worshipped Trog.
Trog was aware of your devotion.
You visited 1 branch of the dungeon, and saw 5 of its levels.

You collected 49 gold pieces.
You spent 22 gold pieces at shops.

Inventory:

Hand Weapons
 a - a +0 hand axe (weapon)
Missiles
 l - 5 large rocks (quivered)
Armour
 b - a +0 animal skin (worn)
Scrolls
 c - a scroll of magic mapping
 f - a scroll of immolation
 g - 3 scrolls of teleportation
 h - a scroll of noise
 j - a scroll of vulnerability {unknown}
Potions
 d - a potion of ambrosia
 e - a potion of berserk rage
 i - a potion of flight
 k - a potion of curing


   Skills:
 + Level 5.4 Fighting
 + Level 4.1 Axes
 + Level 3.7 Dodging


You had 4 spell levels left.
You didn't know any spells.
Your spell library was empty.

Dungeon Overview and Level Annotations

Branches:
Dungeon (6/15)
 Temple: D:4-7

Altars:
Gozag

Shops:
D:2 *[*   D:3 *


Innate Abilities, Weirdness & Mutations

You are too large for most types of armour.
You have tough skin. (AC +1)


Message History

You hit the hound zombie.
The hound zombie is moderately damaged.
The hound zombie barely misses you.
You hit the hound zombie but do no damage.
The hound zombie is moderately damaged.
The hound zombie bites you.
You barely miss the gnoll shaman.
The gnoll shaman hits you with a +0 club!
You closely miss the gnoll shaman. The gnoll shaman closely misses you.
You hit the gnoll shaman.
The gnoll shaman is lightly wounded.
The gnoll shaman closely misses you.
You hit the gnoll shaman.
The gnoll shaman is moderately wounded.
A gnoll comes into view. It is wielding a +0 halberd.
A gnoll comes into view. It is wielding a +0 flail.
The gnoll shaman hits you with a +0 club.
You barely miss the gnoll shaman.
The gnoll shaman is moderately wounded.
The gnoll shouts! x2
The gnoll shaman calls upon its god to speed up the gnoll.
The gnoll seems to speed up.
The gnoll hits you from afar with a +0 halberd!
* * * LOW HITPOINT WARNING * * *
You hear a shout!
A red film seems to cover your vision as you go berserk!
You feel yourself moving faster!
You feel mighty! The gnoll misses you.
The gnoll shaman hits you with a +0 club!
* * * LOW HITPOINT WARNING * * *
You slash the gnoll shaman!
The gnoll shaman is severely wounded.
The gnoll hits you from afar with a +0 halberd!
* * * LOW HITPOINT WARNING * * *
The gnoll shaman mumbles some strange prayers to its god.
The gnoll shaman is healed somewhat.
You slash the gnoll shaman!
The gnoll shaman is almost dead.
You hit the gnoll. The gnoll closely misses you.
The gnoll hits you with a +0 flail!
You die...

#. #. #. #[ ##
#.#####..#.
#..g(......
##Zg...####
#g####.# #@#
.# #.g.# ###.#
.# . .
..#..S########
.....g..>....
..#.########.


You could see a gnoll shaman, 3 gnolls and a hound zombie.

Vanquished Creatures
  An ogre (D:6)
  2 adders (D:2)
  An adder skeleton (D:2)
  A bat (D:1)
  An endoplasm (D:1)
  2 giant cockroaches (D:1)
  2 hobgoblins (D:2)
  3 jackals (D:2)
  6 kobolds
  2 quokkas (D:1)
  6 ball pythons (D:2)
  3 frilled lizards
30 creatures vanquished.

Vanquished Creatures (others)
  2 plants (D:1)
2 creatures vanquished.

Grand Total: 32 creatures vanquished

Notes
Turn   | Place    | Note
-------+----------+-------------------------------------------
     0 | D:1      | PhantomBowie the Ogre Berserker began the quest for the
                  | Orb.
     0 | D:1      | Reached XP level 1. HP: 24/24 MP: 1/1
   320 | D:1      | Reached XP level 2. HP: 30/32 MP: 2/2
   364 | D:1      | Found a faded altar of an unknown god.
   755 | D:2      | Reached XP level 3. HP: 25/40 MP: 3/3
  1038 | D:2      | Found Culey's General Store.
  1116 | D:2      | Found Faerurit's General Store.
  1123 | D:2      | Bought a scroll of identify for 22 gold pieces
  1500 | D:2      | Found Kaud's Antique Armour Boutique.
  1566 | D:2      | Found an opulent altar of Gozag.
  1831 | D:3      | Found Naqy's General Store.
  1833 | D:3      | You fall into a shaft and drop 3 floors!
  1844 | D:5      | Entered Level 5 of the Dungeon
  1844 | D:5      | Noticed an ogre
  1856 | D:6      | Killed an ogre
  1857 | D:6      | Reached skill level 5 in Fighting
  1857 | D:6      | Reached XP level 4. HP: 13/50 MP: 4/4
  1857 | D:6      | Reached XP level 5. HP: 15/57 MP: 5/5
  2002 | D:5      | HP: 4/85 [gnoll/+0 halberd (10)]
  2003 | D:5      | Mangled by a gnoll

Illustrated notes

Levels and vault maps discovered:
D:1:      kilobyte_arrival_exit_the_forest, layout_rooms,
          hellmonk_ecumenical_altar_heavens_door, minmay_tromino_i4
D:2:      layout_basic, serial_shops, nicolae_shop_advertising_works
          [nicolae_subvault_shop_adworks], shop,
          nicolae_shop_competitors_out_of_business, basic_altar
D:3:      minmay_diamond_boxcup, layout_loops_cross, serial_shops,
          nicolae_shop_stone, nicolae_elevator_lobby_plus
D:5:      layout_loops_ring, portal_sewer_entry_e, minmay_hollow_rounded_squares
D:6:      layout_loops_cross, hangedman_abyss_or_decor_slice,
          uniq_prince_ribbit1

Skill      XL: |  1  2  3 |
---------------+----------+-----
Dodging        | 3 |  3.7
Fighting       | 5 |  5.4
Axes           | 4 |  4.1

Action                   |  1- 3 |  4- 6 || total
-------------------------+-------+-------++-------
Melee: Hand axe          |   125 |     9 ||   134
       Punch             |     2 |       ||     2
Invok: Berserk           |     2 |     1 ||     3
  Use: Scroll            |     8 |       ||     8
Armor: Animal skin       |    32 |     1 ||    33
Dodge: Dodged            |    69 |     5 ||    74
